[Event "Team 45 45 League T45"]
[Site "Internet Chess Club"]
[Date "2010.06.13"]
[Round "6"]
[White "dodgjy18"]
[Black "freestyle"]
[Result "1/2-1/2"]
[WhiteElo "2240"]
[BlackElo "2281"]
[Opening "Sicilian: dragon variation"]
[ECO "B70"]
[Time "16:58:47"]
[TimeControl "2700+45"]

1. e4 c5 2. Nf3 d6 3. d4 cxd4 4. Nxd4 Nf6 5. Nc3 g6 6. Bg5 Bg7 7. Bb5+ Bd7 8.
Qe2 O-O 9. O-O-O Qa5 10. f4 Rc8 11. Bxd7 Nbxd7 12. Nb3 Qa6 13. Rhe1 Qxe2 14.
Rxe2 h6 15. Bh4 Rc4 16. Nd2 Rc6 17. Nf3 Nb6 18. e5 dxe5 19. fxe5 Nfd7 20. Bxe7
Re8 21. Bd6 Nc4 22. Nd4 Rb6 23. Bc7 Nxb2 24. Rf1 Rb4 25. Nb3 Na4 26. Nxa4 Rxa4
27. Rd1 Re7 28. Bd8 Rxe5 29. Rf2 Nc5 30. Nxc5 Rxc5 31. Rd7 Rxa2 32. Rxb7 Ra1+
33. Rb1 Rxb1+ 34. Kxb1 Rb5+ 35. Kc1 Bb2+ 36. Kd1 Rd5+ 37. Rd2 Rxd2+ 38. Kxd2 Kf8
39. c4 Ke8 40. Ba5 Kd7 41. Kd3 Be5 42. h3 Kc6 43. Bb4 Bd6 44. Bd2 h5 45. Kd4 Bc7
46. Bb4 a5 47. Ba3 Bb6+ 48. Ke5 Bc5 49. Bb2 Be7 50. g4 hxg4 51. hxg4 a4 52. c5
Bxc5 53. Kf6 a3 54. Bxa3 Bxa3 55. g5 {Game drawn by mutual agreement} 1/2-1/2

[Event "Team 45 45 League T45"]
[Site "Internet Chess Club"]
[Date "2010.06.12"]
[Round "6"]
[White "theophilus"]
[Black "Boromir"]
[Result "1-0"]
[WhiteElo "2198"]
[BlackElo "1979"]
[Opening "Nimzo-Indian: classical, Pirc variation"]
[ECO "E39"]
[Time "08:01:37"]
[TimeControl "2700+45"]

1. d4 Nf6 2. c4 e6 3. Nc3 Bb4 4. Qc2 c5 5. dxc5 O-O 6. a3 Bxc5 7. Nf3 Nc6 8. Bg5
Be7 9. e3 d6 10. Be2 a6 11. O-O Qc7 12. Rfd1 Rd8 13. Rac1 Rb8 14. h3 Bd7 15. Bh4
Rbc8 16. Bg3 b6 17. b4 Be8 18. c5 bxc5 19. bxc5 Ne5 20. Nxe5 dxe5 21. Bxa6 Rxd1+
22. Nxd1 Ra8 23. Be2 Rxa3 24. Qb2 Ra5 25. Bxe5 Qc6 26. Bf3 Qc8 27. c6 Ba3 28.
Qb7 Ra8 29. Ra1 Bxc6 30. Qxc8+ Rxc8 31. Bxc6 Rxc6 32. Rxa3 h6 33. Bxf6 gxf6 34.
Nb2 {Black resigns} 1-0

[Event "Team 45 45 League T45"]
[Site "Internet Chess Club"]
[Date "2010.06.15"]
[Round "6"]
[White "LucaTrapani"]
[Black "Terte"]
[Result "1/2-1/2"]
[WhiteElo "2067"]
[BlackElo "2011"]
[Opening "King's Indian: 4.e4"]
[ECO "E70"]
[Time "06:22:06"]
[TimeControl "2700+45"]

1. d4 Nf6 2. c4 g6 3. Nc3 Bg7 4. e4 d6 5. Bd3 e5 6. Nge2 O-O 7. O-O exd4 8. Nxd4
Bd7 9. f3 Nc6 10. Be3 Ne8 11. Nxc6 bxc6 12. Qd2 c5 13. Rad1 Rb8 14. b3 a6 15.
Ne2 h5 16. Bg5 f6 17. Bh6 Kh7 18. Bxg7 Nxg7 19. Nf4 Ne6 20. g4 Nxf4 21. Qxf4 h4
22. Rf2 Qe7 23. Bc2 Qe5 24. Qe3 Kg7 25. f4 Qe7 26. Rg2 Rbe8 27. g5 f5 28. Qc3+
Kg8 29. Re1 Bc6 30. Rge2 fxe4 31. Qe3 Qf7 32. Rf1 Qf5 33. Qf2 Kg7 34. Re3 h3 35.
Qg3 Re7 36. Qh4 Rh8 37. Qg3 Bb7 38. Qe1 Rhe8 39. Qh4 {Game drawn by mutual
agreement} 1/2-1/2

[Event "Team 45 45 League T45"]
[Site "Internet Chess Club"]
[Date "2010.06.15"]
[Round "6"]
[White "Kolibri"]
[Black "Vaigpertu"]
[Result "0-1"]
[WhiteElo "2059"]
[BlackElo "2285"]
[Opening "Sicilian defense"]
[ECO "B41"]
[Time "15:35:20"]
[TimeControl "2700+45"]

1. e4 c5 2. Nf3 e6 3. d4 cxd4 4. Nxd4 Qb6 5. Nb3 Nf6 6. Bd3 d6 7. Nc3 a6 8. Be3
Qc7 9. Na4 Nbd7 10. c4 b6 11. O-O Bb7 12. f3 Be7 13. Qe2 O-O 14. Qf2 Bd8 15.
Rac1 Re8 16. Rfd1 Rc8 17. Bf1 Bc6 18. Nc3 Bb7 19. Bf4 Ne5 20. Bxe5 dxe5 21. c5
bxc5 22. Na4 Bc6 23. Naxc5 Qa7 24. Kh1 Bb5 25. Qg3 Bc7 26. a4 Bxf1 27. Rxf1 Bd6
28. Qf2 Rc6 29. Nd3 Qxf2 30. Nxf2 Rec8 31. Nd3 Kf8 32. Rxc6 Rxc6 33. Rc1 Rxc1+
34. Nbxc1 Nd7 35. Kg1 f5 36. Kf2 Nf6 37. Nb3 fxe4 38. Ndc5 exf3 39. Kxf3 Ke7 40.
h3 a5 41. Nb7 e4+ 42. Ke2 Bc7 43. N7xa5 Kd6 44. Nc4+ Kc6 45. Ke3 Kd5 46. Nbd2 g5
47. g4 Bf4+ 48. Ke2 Kc5 49. b3 Kb4 50. Ne3 Nd5 51. Nec4 e3 52. Ne4 Kxb3 53. Na5+
Kxa4 54. Nb7 e5 55. Nd8 Nc7 56. Nc3+ Kb3 57. Nd1 Nd5 58. Nf7 Kc4 59. Nd6+ Kc5
60. Nf5 e4 61. h4 gxh4 62. Nxh4 Kd4 63. Nf5+ Ke5 64. Nh4 Kf6 65. Ng2 Kg5 {White
resigns} 0-1

[Event "Team 45 45 League T45"]
[Site "Internet Chess Club"]
[Date "2010.06.12"]
[Round "6"]
[White "gaibo4ever"]
[Black "Jack-ONeill"]
[Result "1/2-1/2"]
[WhiteElo "2035"]
[BlackElo "2065"]
[Opening "Sicilian: Sveshnikov variation"]
[ECO "B33"]
[Time "15:00:48"]
[TimeControl "2700+45"]

1. e4 c5 2. Nf3 Nc6 3. d4 cxd4 4. Nxd4 Nf6 5. Nc3 e5 6. Ndb5 d6 7. Bg5 a6 8. Na3
b5 9. Bxf6 gxf6 10. Nd5 f5 11. c3 Bg7 12. Bd3 Be6 13. Qh5 O-O 14. O-O fxe4 15.
Bxe4 f5 16. Nf4 exf4 17. Bxc6 Rc8 18. Qf3 d5 19. Bb7 Rc5 20. Bxa6 Qb6 21. Bxb5
Rxb5 22. Nxb5 Qxb5 23. Rfb1 Qc4 24. Re1 d4 25. b3 Qxc3 26. Qxc3 dxc3 27. Rxe6 c2
28. Rc1 Rd8 29. Kf1 Rd1+ 30. Re1 Rd2 31. Re2 Rd1+ 32. Re1 Rd2 33. Re2 Rd1+ 34.
Re1 Rd2 35. Re2 {Game drawn by repetition} 1/2-1/2

[Event "Team 45 45 League T45"]
[Site "Internet Chess Club"]
[Date "2010.06.13"]
[Round "6"]
[White "fledermaus"]
[Black "Despair"]
[Result "1/2-1/2"]
[WhiteElo "1926"]
[BlackElo "2023"]
[Opening "Robatsch defense"]
[ECO "A40"]
[Time "20:04:40"]
[TimeControl "2700+45"]

1. d4 g6 2. e4 Bg7 3. Nc3 b6 4. f4 Bb7 5. Nf3 d6 6. Bc4 Nd7 7. O-O Nh6 8. g4
Nxg4 9. Bxf7+ Kxf7 10. Ng5+ Kg8 11. Qxg4 Bxd4+ 12. Kg2 Nf8 13. Nd5 c6 14. Ne3 h5
15. Qh3 Bc8 16. Qf3 Ba6 17. Rd1 e5 18. c3 exf4 19. Qxf4 Qf6 20. Nd5 cxd5 21.
Rxd4 Qxf4 22. Bxf4 dxe4 23. Rxd6 Re8 24. Be3 h4 25. Rad1 Rh5 26. Rc6 Re5 27. Nh3
Be2 28. Rd8 Bf3+ 29. Kg1 Rd5 30. Rxg6+ Kf7 31. Rxd5 Rxd5 32. Rh6 Rd1+ 33. Kf2
Ne6 34. Rxh4 Rb1 35. Rh7+ Kg8 36. Rxa7 Rxb2+ {Game drawn by mutual agreement}
1/2-1/2

[Event "Team 45 45 League T45"]
[Site "Internet Chess Club"]
[Date "2010.06.12"]
[Round "6"]
[White "giltar"]
[Black "baumhauer"]
[Result "1-0"]
[WhiteElo "1910"]
[BlackElo "1905"]
[Opening "Queen's pawn game"]
[ECO "D04"]
[Time "04:31:20"]
[TimeControl "2700+45"]

1. d4 Nf6 2. Nf3 d5 3. e3 Bf5 4. c4 e6 5. Nc3 c6 6. Nh4 Bg6 7. Nxg6 hxg6 8. Bd2
Bd6 9. g3 Nbd7 10. c5 Bc7 11. Be2 Qe7 12. Qb3 Rb8 13. Qa4 a6 14. O-O e5 15. Rae1
e4 16. f3 Qe6 17. Rf2 Qh3 18. Rg2 Nh5 19. fxe4 Nxg3 20. exd5 Nf5 21. d6 Bd8 22.
Bg4 Qh7 23. Qc2 Bh4 24. Rf1 Nf6 25. Bxf5 gxf5 26. Qxf5 g6 27. Qe5+ Kf8 28. Be1
Re8 29. Qf4 Bxe1 30. Rxe1 Re6 31. e4 Qh3 32. Qg3 Qxg3 33. Rxg3 Rh4 34. Rge3 Ng4
35. R3e2 g5 36. Na4 Reh6 37. Rg2 Nxh2 38. Kf2 Rf6+ 39. Ke3 Rh3+ 40. Ke2 Nf3 41.
Rd1 Rf4 42. Nc3 g4 43. d5 cxd5 44. Rxd5 Ke8 45. Rd3 Rh1 46. Rd1 Rxd1 47. Kxd1
Ng5 48. Nd5 Rxe4 49. Rxg4 Rxg4 50. Nf6+ Kd8 51. Nxg4 Ne4 52. b4 Nc3+ 53. Kc2
Nxa2 54. Kb3 Nc1+ 55. Kc4 f5 56. Ne5 f4 57. Kd4 Nb3+ 58. Ke4 a5 59. bxa5 Nxc5+
60. Kxf4 Nb3 61. Nc4 Kd7 62. Ke5 Nc5 63. Kd5 Nd3 64. Ne5+ Nxe5 65. Kxe5 Kd8 66.
Kd4 Kc8 67. Kc4 Kd7 68. Kc5 Kc8 69. Kb6 {Black resigns} 1-0

[Event "Team 45 45 League T45"]
[Site "Internet Chess Club"]
[Date "2010.06.11"]
[Round "6"]
[White "AugustoCaruso"]
[Black "Uwak"]
[Result "0-1"]
[WhiteElo "2262"]
[BlackElo "2443"]
[Opening "Sicilian: dragon, Yugoslav attack, Rauser variation"]
[ECO "B76"]
[Time "11:04:47"]
[TimeControl "2700+45"]

1. e4 c5 2. Nf3 d6 3. d4 cxd4 4. Nxd4 Nf6 5. Nc3 g6 6. Be3 Bg7 7. f3 Nc6 8. Qd2
O-O 9. O-O-O d5 10. Kb1 Rb8 11. Nb3 dxe4 12. Qxd8 Rxd8 13. Rxd8+ Nxd8 14. Bxa7
Ra8 15. Bb6 Bf5 16. Nd4 Nd7 17. Nxf5 gxf5 18. Be3 Bxc3 19. bxc3 Kg7 20. Bb5 Nf6
21. Bc5 Rc8 22. Bd4 Kg6 23. Kb2 e5 24. Bb6 Ne6 25. Rd1 Nc5 26. a4 h5 27. Rd6 e3
28. Bd8 Ne6 29. Bb6 f4 30. h4 Kf5 31. Bd3+ e4 32. fxe4+ Ke5 33. Rd4 Nxd4 34.
cxd4+ Ke6 35. c4 Nxe4 36. Bxe4 Rxc4 37. Kb3 e2 38. Kxc4 e1=Q 39. Bxb7 Qe2+ 40.
Kc5 Qc2+ 41. Kb4 Qb2+ 42. Ka5 Qc3+ 43. Kb5 Qb3+ 44. Ka5 Qc4 45. Bc5 Kd7 46. Ba6
Qd5 47. Bf1 Kc7 48. Kb4 Qa2 49. Bc4 Qxg2 50. d5 Qb2+ 51. Ka5 Qc3+ 52. Kb5 f3 53.
d6+ Kd7 54. Bb4 Qxc4+ 55. Kxc4 f2 {White resigns} 0-1

[Event "Team 45 45 League T45"]
[Site "Internet Chess Club"]
[Date "2010.06.10"]
[Round "6"]
[White "Gil-galad"]
[Black "technika"]
[Result "1/2-1/2"]
[WhiteElo "2135"]
[BlackElo "2010"]
[Opening "Catalan opening"]
[ECO "E00"]
[Time "15:00:42"]
[TimeControl "2700+45"]

1. d4 Nf6 2. c4 e6 3. g3 Bb4+ 4. Bd2 Qe7 5. Nf3 b6 6. Bg2 Bb7 7. O-O Bxd2 8.
Qxd2 d6 9. Nc3 Ne4 10. Nxe4 Bxe4 11. Qe3 Bb7 12. d5 e5 13. b4 O-O 14. Nd2 Nd7
15. Nb3 f5 16. Nd4 f4 17. gxf4 Rxf4 18. Ne6 Rxc4 19. Rac1 Rxc1 20. Rxc1 Rc8 21.
Qd3 Nf8 22. Bh3 Kh8 23. Rc3 Nxe6 24. Bxe6 Rf8 25. b5 Qg5+ 26. Qg3 Qd2 27. Rxc7
Qd1+ 28. Kg2 Bxd5+ 29. Bxd5 Qxd5+ 30. Kg1 Qd1+ 31. Kg2 Qd5+ 32. f3 Rg8 33. a4
Qd2 34. Qf2 Ra8 35. e4 {Game drawn by mutual agreement} 1/2-1/2

[Event "Team 45 45 League T45"]
[Site "Internet Chess Club"]
[Date "2010.06.11"]
[Round "6"]
[White "f5"]
[Black "frothyjowels"]
[Result "1/2-1/2"]
[WhiteElo "2100"]
[BlackElo "2390"]
[Opening "Queen's pawn game"]
[ECO "A46"]
[Time "12:05:31"]
[TimeControl "2700+45"]

1. d4 Nf6 2. Nf3 e6 3. g3 b6 4. Bg2 Bb7 5. O-O c5 6. c4 cxd4 7. Nxd4 Bxg2 8.
Kxg2 Qc7 9. b3 Be7 10. f3 a6 11. e4 d6 12. Bb2 Nbd7 13. Nc3 O-O 14. Rc1 Rfd8 15.
Qe2 Qb7 16. Rfd1 Rac8 17. Rc2 Bf8 18. Rcd2 Nc5 19. Nc2 Qb8 20. Ne3 h5 21. h3 h4
22. gxh4 Nh5 23. Qf1 g6 24. b4 Bh6 25. bxc5 Bxe3 26. Rxd6 Bxc5 27. Rxd8+ Rxd8
28. Ne2 Bd6 29. Rd3 b5 30. Qc1 bxc4 31. Qc3 Qxb2 32. Qxb2 cxd3 33. Qb6 Be7 34.
Nc3 Bxh4 35. Qxa6 d2 36. Nd1 Nf4+ 37. Kf1 Rd3 38. Qa8+ Kg7 39. e5 Nd5 40. Ke2
Nf4+ 41. Kf1 Rd5 42. Qb8 Rd3 43. Qa8 {Game drawn by repetition} 1/2-1/2

[Event "Team 45 45 League T45"]
[Site "Internet Chess Club"]
[Date "2010.06.16"]
[Round "6"]
[White "eurander"]
[Black "chiiwen"]
[Result "1/2-1/2"]
[WhiteElo "2216"]
[BlackElo "2146"]
[Opening "Sicilian: Alapin's variation (2.c3)"]
[ECO "B22"]
[Time "10:34:03"]
[TimeControl "2700+45"]

1. e4 c5 2. c3 Nf6 3. e5 Nd5 4. d4 cxd4 5. cxd4 e6 6. Nf3 b6 7. Bc4 Bb7 8. O-O
Be7 9. Qe2 O-O 10. Nc3 d6 11. Nxd5 exd5 12. Bd3 Nc6 13. Rd1 Bc8 14. h3 h6 15.
Be3 Be6 16. Rac1 Rc8 17. Bb1 f5 18. exd6 Qxd6 19. Bf4 Qd7 20. Re1 Rf6 21. Ne5
Qb7 22. Nxc6 Rxc6 23. Rxc6 Qxc6 24. Rc1 Qe8 25. Rc7 a5 26. Rb7 Bd8 27. Be5 Rf7
28. Qh5 Qf8 29. Rxf7 Qxf7 30. Qxf7+ Kxf7 31. f4 g6 32. Kf2 Bd7 33. Bd3 b5 34.
Kf3 h5 35. Be2 Bb6 36. b3 Bd8 37. Bd6 Ke6 38. Bc5 h4 39. Bd3 Bc6 40. Be2 {Game
drawn by mutual agreement} 1/2-1/2

[Event "Team 45 45 League T45"]
[Site "Internet Chess Club"]
[Date "2010.06.13"]
[Round "6"]
[White "BlackHorse"]
[Black "frontier"]
[Result "0-1"]
[WhiteElo "2082"]
[BlackElo "2256"]
[Opening "French: exchange variation"]
[ECO "C01"]
[Time "20:30:40"]
[TimeControl "2700+45"]

1. e4 e6 2. d4 d5 3. exd5 exd5 4. Bd3 Bd6 5. Nf3 Bg4 6. O-O Ne7 7. h3 Bh5 8. Bg5
Nbc6 9. c3 Qd7 10. Nbd2 O-O-O 11. b4 f6 12. Bh4 g5 13. Bg3 Bg6 14. Bb5 Bxg3 15.
fxg3 Nf5 16. Qa4 Nxg3 17. Rfe1 Kb8 18. Nb3 Ne4 19. Rac1 a6 20. Bxa6 bxa6 21.
Qxa6 Na7 22. a4 Qc6 23. Qf1 h5 24. b5 Qc4 25. Qxc4 dxc4 26. Na5 Nd6 27. Re7 Rde8
28. Rg7 Rhg8 29. Rxg8 Rxg8 30. Re1 Re8 31. g4 Rxe1+ 32. Nxe1 hxg4 33. hxg4 Ne4
34. Ng2 Nxc3 35. Ne3 Nxa4 {White resigns} 0-1

[Event "Team 45 45 League T45"]
[Site "Internet Chess Club"]
[Date "2010.06.13"]
[Round "6"]
[White "vnchess"]
[Black "MaartenKoning"]
[Result "1/2-1/2"]
[WhiteElo "2281"]
[BlackElo "2295"]
[Opening "Benkö gambit half accepted"]
[ECO "A57"]
[Time "14:10:51"]
[TimeControl "2700+45"]

1. d4 Nf6 2. c4 c5 3. d5 b5 4. cxb5 a6 5. b6 Qxb6 6. Nc3 d6 7. e4 g6 8. Be2 Bg7
9. Nf3 O-O 10. O-O Nbd7 11. Nd2 Ne5 12. h3 g5 13. Kh2 g4 14. f4 gxf3 15. gxf3
Kh8 16. f4 Ng6 17. Nc4 Qc7 18. Be3 Nd7 19. Rg1 Nb6 20. Nxb6 Qxb6 21. Qd2 Bd7 22.
h4 Rg8 23. h5 Nf8 24. h6 Bxh6 25. Rxg8+ Kxg8 26. Rg1+ Kh8 27. f5 Bxe3 28. Qxe3
Qxb2 29. Qg3 Ng6 30. fxg6 fxg6 31. Rb1 Qd2 32. Rf1 Bb5 33. Rf2 Bxe2 34. Nxe2
Qxa2 35. Qc3+ Kg8 36. Kg2 a5 37. Qf3 Qa4 38. Qf7+ Kh8 39. Qxe7 Qe8 40. Qf6+ Kg8
41. Ng3 Rd8 42. Rf4 a4 43. Kf3 Rd7 44. Ke3 a3 45. Rg4 Qf7 46. Nh5 a2 47. Qb2 Qf1
48. Qb8+ Kf7 49. Qh8 Qe1+ 50. Kf3 Qh1+ 51. Kf4 Qf1+ 52. Kg5 a1=Q 53. Qxh7+ Ke8
54. Qxg6+ Qf7 55. Nf6+ Qxf6+ 56. Qxf6 Qxf6+ 57. Kxf6 Re7 {Game drawn by mutual
agreement} 1/2-1/2

[Event "Team 45 45 League T45"]
[Site "Internet Chess Club"]
[Date "2010.06.13"]
[Round "6"]
[White "Paulkov"]
[Black "pestka"]
[Result "1/2-1/2"]
[WhiteElo "2241"]
[BlackElo "2216"]
[Opening "Philidor: Improved Hanham variation"]
[ECO "C41"]
[Time "15:53:38"]
[TimeControl "2700+45"]

1. e4 e5 2. Nf3 d6 3. d4 Nf6 4. Nc3 Nbd7 5. Bc4 Be7 6. O-O O-O 7. a4 c6 8. Re1
b6 9. Qe2 Bb7 10. Bg5 Qc7 11. Rad1 a6 12. d5 cxd5 13. Bxd5 Bxd5 14. Rxd5 Rfc8
15. Rd3 b5 16. axb5 axb5 17. Nxb5 Qxc2 18. Qxc2 Rxc2 19. Nxd6 Bxd6 20. Rxd6 Rxb2
21. Bxf6 {Game drawn by mutual agreement} 1/2-1/2

[Event "Team 45 45 League T45"]
[Site "Internet Chess Club"]
[Date "2010.06.14"]
[Round "6"]
[White "SlimeDog2"]
[Black "nb"]
[Result "1/2-1/2"]
[WhiteElo "2181"]
[BlackElo "2068"]
[Opening "Nimzo-Indian: classical, Pirc variation"]
[ECO "E39"]
[Time "14:02:21"]
[TimeControl "2700+45"]

1. d4 Nf6 2. c4 e6 3. Nc3 Bb4 4. Qc2 c5 5. dxc5 O-O 6. Nf3 Na6 7. a3 Bxc3+ 8.
Qxc3 Nxc5 9. e3 d5 10. cxd5 Nce4 11. Qd4 Qxd5 12. Qxd5 Nxd5 13. Bd3 Nc5 14. Bc2
Bd7 15. Bd2 Rac8 16. b4 Na4 17. Bb3 Ndc3 18. O-O Rfd8 19. Rfe1 Ne4 20. Rac1 Nac3
21. Bxc3 Nxc3 22. Rc2 Kf8 23. h4 Ke7 24. e4 Nb5 25. a4 Rxc2 26. Bxc2 Nc3 27. Ne5
Be8 28. b5 f6 29. Re3 Nxb5 30. axb5 fxe5 31. Rg3 Kf6 32. Rf3+ Ke7 33. Rg3 Kf6
34. Rf3+ Ke7 35. Rg3 Kf6 36. Rf3+ {Game drawn by repetition} 1/2-1/2

[Event "Team 45 45 League T45"]
[Site "Internet Chess Club"]
[Date "2010.06.13"]
[Round "6"]
[White "Seaborgium"]
[Black "Cristina"]
[Result "1-0"]
[WhiteElo "2108"]
[BlackElo "2052"]
[Opening "Réti opening"]
[ECO "A30"]
[Time "20:00:24"]
[TimeControl "2700+45"]

1. Nf3 c5 2. c4 b6 3. Nc3 Bb7 4. g3 e6 5. Bg2 Nf6 6. O-O a6 7. d3 Be7 8. e4 d6
9. h3 Nbd7 10. Be3 Qc7 11. Nd2 Bc6 12. a4 Qb7 13. f4 O-O 14. Qc2 d5 15. Bf2 dxe4
16. dxe4 h5 17. Rfd1 g6 18. Nf1 Rfd8 19. Ne3 Bf8 20. g4 hxg4 21. hxg4 Qc7 22. e5
Bxg2 23. Kxg2 Ne8 24. Bh4 Rdb8 25. Qe4 f5 26. gxf5 gxf5 27. Qf3 Nxe5 28. fxe5
Qxe5 29. Qg3+ Qxg3+ 30. Bxg3 Rd8 31. Kf3 Bg7 32. Bh4 Rd4 33. Bg5 Nd6 34. Ne2 Nf7
35. Bf4 Rad8 36. Nxd4 cxd4 37. a5 bxa5 38. Rxa5 Rc8 39. Rxa6 dxe3 40. b3 e5 41.
Bxe3 e4+ 42. Ke2 Be5 43. Bd4 Bd6 44. Rg1+ Kf8 45. Rg7 Bc5 46. Bc3 f4 47. Rag6
f3+ 48. Kf1 Rc7 49. b4 Be3 50. Rg8+ Ke7 51. c5 Kd7 52. R8g7 Kc8 53. Re6 Ng5 54.
Rxc7+ Kxc7 55. Be5+ Kd7 56. Rd6+ Kc8 57. Rf6 Bd2 58. c6 Bxb4 59. Rg6 Nh7 60. Re6
Kd8 61. c7+ Kd7 62. Re8 {Black resigns} 1-0

[Event "Team 45 45 League T45"]
[Site "Internet Chess Club"]
[Date "2010.06.11"]
[Round "6"]
[White "pebble767"]
[Black "Telos"]
[Result "0-1"]
[WhiteElo "2030"]
[BlackElo "2433"]
[Opening "Benkö gambit half accepted"]
[ECO "A57"]
[Time "20:12:08"]
[TimeControl "2700+45"]

1. d4 Nf6 2. c4 c5 3. d5 b5 4. cxb5 a6 5. e3 g6 6. Nc3 Bg7 7. Nf3 O-O 8. e4 axb5
9. Bxb5 Nxe4 10. Nxe4 Qa5+ 11. Nc3 Bxc3+ 12. bxc3 Qxb5 13. Qe2 Qxe2+ 14. Kxe2
Ba6+ 15. Kd1 Bc4 16. Re1 Bxa2 17. Bh6 Re8 18. d6 Nc6 19. Kc2 Be6 20. Bf4 Bf5+
21. Kd2 Na5 22. Rxe7 Nb3+ {White resigns} 0-1

[Event "Team 45 45 League T45"]
[Site "Internet Chess Club"]
[Date "2010.06.14"]
[Round "6"]
[White "perikitosax"]
[Black "baris"]
[Result "1/2-1/2"]
[WhiteElo "2014"]
[BlackElo "1967"]
[Opening "QGD semi-Slav: Botvinnik system (anti-Meran)"]
[ECO "D44"]
[Time "13:01:10"]
[TimeControl "2700+45"]

1. d4 d5 2. Nf3 Nf6 3. c4 c6 4. Nc3 e6 5. Bg5 dxc4 6. e4 h6 7. Bh4 g5 8. Bg3 b5
9. Be2 Bb7 10. h4 g4 11. Ne5 h5 12. O-O Nbd7 13. Qc2 Nxe5 14. Bxe5 Bg7 15. Rad1
O-O 16. f3 Nh7 17. Bxg7 Kxg7 18. fxg4 Qxh4 19. Rf4 Ng5 20. Rdf1 Nh3+ 21. gxh3
Qg3+ 22. Kh1 Qxh3+ 23. Kg1 Qg3+ 24. Kh1 Qh3+ 25. Kg1 Qg3+ 26. Kh1 Qh3+ {Game
drawn by repetition} 1/2-1/2

[Event "Team 45 45 League T45"]
[Site "Internet Chess Club"]
[Date "2010.06.10"]
[Round "6"]
[White "noHz"]
[Black "screamingeagle"]
[Result "1-0"]
[WhiteElo "2117"]
[BlackElo "2087"]
[Opening "Dutch: Leningrad, main variation with c6"]
[ECO "A88"]
[Time "15:30:17"]
[TimeControl "2700+45"]

1. d4 f5 2. c4 Nf6 3. Nc3 g6 4. Nf3 Bg7 5. g3 O-O 6. Bg2 d6 7. O-O c6 8. Qb3 h6
9. Rd1 e6 10. Nh4 Kh7 11. f4 Qe7 12. Nf3 Nbd7 13. Qa3 b6 14. Ne5 Nb8 15. Nxc6
Nxc6 16. Bxc6 Bb7 17. Bxb7 Qxb7 18. Qxd6 Rad8 19. Qa3 Ng4 20. h3 Nf6 21. Be3 Nh5
22. Bf2 g5 23. fxg5 hxg5 24. d5 g4 25. hxg4 fxg4 26. Ne4 Bh6 27. Qd3 Kg8 28. Ng5
Rf6 29. Ne4 Rf5 30. Be3 Bf8 31. Ng5 Nxg3 32. Bf2 Nxe2+ 33. Qxe2 Rxg5 34. Qxe6+
Kh7 35. Kg2 Bh6 36. Rh1 Rg6 37. Qe4 Qg7 38. Rxh6+ Qxh6 39. Rh1 Qxh1+ 40. Kxh1 g3
41. Bxg3 Rg8 42. Be5 Rf8 43. Bd4 Rf7 44. b4 {Black resigns} 1-0

[Event "Team 45 45 League T45"]
[Site "Internet Chess Club"]
[Date "2010.06.14"]
[Round "6"]
[White "andrew28"]
[Black "VietLion"]
[Result "0-1"]
[WhiteElo "1717"]
[BlackElo "1887"]
[Opening "Sicilian: Scheveningen variation"]
[ECO "B80"]
[Time "16:11:35"]
[TimeControl "2700+45"]

1. e4 c5 2. Nf3 d6 3. d4 cxd4 4. Nxd4 Nf6 5. Nc3 e6 6. Be3 a6 7. Be2 Qc7 8. O-O
Be7 9. Qd2 O-O 10. f4 b5 11. Bf3 Bb7 12. f5 b4 13. Nce2 e5 14. Nb3 Nxe4 15. Bxe4
Bxe4 16. Ng3 Bb7 17. f6 Bxf6 18. Rxf6 gxf6 19. Bh6 Rc8 20. Nh5 Qxc2 21. Nxf6+
Kh8 22. Qxd6 Qxg2# {White checkmated} 0-1

[Event "Team 45 45 League T45"]
[Site "Internet Chess Club"]
[Date "2010.06.13"]
[Round "6"]
[White "John3v16"]
[Black "Andressa"]
[Result "1-0"]
[WhiteElo "1711"]
[BlackElo "1543"]
[Opening "Ruy Lopez: old Steinitz defense"]
[ECO "C62"]
[Time "10:16:29"]
[TimeControl "2700+45"]

1. e4 e5 2. Nf3 Nc6 3. Bb5 d6 4. d4 Bd7 5. O-O Nf6 6. Re1 Be7 7. Nc3 a6 8. Bxc6
Bxc6 9. dxe5 dxe5 10. Qxd8+ Rxd8 11. Nxe5 O-O 12. Nxc6 bxc6 13. Bg5 h6 14. Bh4
Rfe8 15. Rad1 Rb8 16. b3 Bb4 17. Bxf6 gxf6 18. Re3 Bxc3 19. Rxc3 Rxe4 20. Rxc6
Rbe8 21. Kf1 Rh4 22. h3 Re7 23. Rxa6 Kg7 24. a4 Rh5 25. Ra8 Rc5 26. c4 Re6 27.
a5 f5 28. Ra1 Kf6 29. a6 Rcc6 30. Rh8 Ke7 31. a7 {Black resigns} 1-0

[Event "Team 45 45 League T45"]
[Site "Internet Chess Club"]
[Date "2010.06.13"]
[Round "6"]
[White "acejackace"]
[Black "Timotheous"]
[Result "1-0"]
[WhiteElo "1436"]
[BlackElo "1737"]
[Opening "Benko's opening"]
[ECO "A00"]
[Time "11:30:25"]
[TimeControl "2700+45"]

1. g3 c5 2. Bg2 Nc6 3. d3 g6 4. Nd2 Bg7 5. c3 Nf6 6. Qc2 O-O 7. Ngf3 Rb8 8. O-O
b5 9. a3 a5 10. Rb1 d6 11. h3 b4 12. c4 Bd7 13. a4 b3 14. Qd1 Qb6 15. Ra1 Qb4
16. Nb1 Ne8 17. Bd2 Qb6 18. Bc3 Nc7 19. Bxg7 Kxg7 20. Nc3 Ne6 21. Nd5 Qd8 22.
Ra3 Ncd4 23. Nxd4 Nxd4 24. Qd2 Nc2 25. Qc3+ Kg8 26. Rxb3 Rxb3 27. Qxb3 Nd4 28.
Qd1 e6 29. Nc3 Qb6 30. Nb5 Rd8 31. e3 Nxb5 32. cxb5 Rc8 33. b3 Rc7 34. Qf3 Bc8
35. Qf6 d5 36. Rc1 Bb7 37. d4 Qd6 38. dxc5 Rxc5 39. Rxc5 Qxc5 40. Qd8+ Kg7 41.
Qxa5 Qc1+ 42. Bf1 Qc2 43. Qb6 Bc8 44. a5 Qe4 45. a6 d4 46. Qxd4+ Qxd4 47. exd4
f6 48. Bg2 {Black resigns} 1-0

[Event "Team 45 45 League T45"]
[Site "Internet Chess Club"]
[Date "2010.06.12"]
[Round "6"]
[White "Skyler"]
[Black "Juan73"]
[Result "0-1"]
[WhiteElo "1359"]
[BlackElo "1678"]
[Opening "Giuoco Piano"]
[ECO "C50"]
[Time "20:37:08"]
[TimeControl "2700+45"]

1. e4 e5 2. Nf3 Nc6 3. Bc4 Bc5 4. O-O d6 5. c3 Bg4 6. d3 Nf6 7. Be3 Bxe3 8. fxe3
Qd7 9. Nbd2 Na5 10. Qc2 Nxc4 11. Nxc4 Be6 12. Ncd2 h6 13. d4 exd4 14. exd4 O-O-O
15. e5 Ng4 16. exd6 Ne3 17. Ne5 Nxc2 18. Nxd7 Nxa1 19. dxc7 Rxd7 20. Rxa1 Kxc7
21. a3 Re8 22. Ne4 Bd5 23. Nc5 Rde7 24. Rf1 Re2 25. Rf2 Re1+ 26. Rf1 Rxf1+ 27.
Kxf1 Bc4+ 28. Kf2 Re2+ 29. Kf3 Rxb2 30. h4 Bd5+ 31. Kf4 Rxg2 32. Ke5 Bc4 33. Ne4
Re2 34. Kf4 Ra2 35. Kg4 Rxa3 36. Kf4 Bd5 37. c4 Bxe4 38. Kxe4 Kd6 39. c5+ Ke6
40. d5+ Kd7 41. Ke5 Re3+ 42. Kf4 Rc3 43. c6+ bxc6 44. dxc6+ Rxc6 45. Kf5 a5 46.
Ke4 a4 47. Kd5 a3 48. Kd4 a2 49. Kd3 a1=R 50. Kd2 Ra3 51. Kd1 Ra2 52. Ke1 Rc1#
{White checkmated} 0-1

[Event "Team 45 45 League T45"]
[Site "Internet Chess Club"]
[Date "2010.06.15"]
[Round "6"]
[White "civilization"]
[Black "ticopatzer"]
[Result "1-0"]
[WhiteElo "1670"]
[BlackElo "1584"]
[Opening "Scotch gambit: Dubois-Réti defense"]
[ECO "C55"]
[Time "18:03:26"]
[TimeControl "2700+45"]

1. e4 e5 2. Nf3 Nc6 3. Bc4 Nf6 4. d4 exd4 5. e5 Ng4 6. Bxf7+ Kxf7 7. Ng5+ Kg8 8.
Qxg4 Nxe5 9. Qxd4 d6 10. Qd5+ Nf7 11. Qxf7# {Black checkmated} 1-0

[Event "Team 45 45 League T45"]
[Site "Internet Chess Club"]
[Date "2010.06.12"]
[Round "6"]
[White "Gilguli"]
[Black "Theodulf"]
[Result "0-1"]
[WhiteElo "1491"]
[BlackElo "1616"]
[Opening "Queen's gambit accepted"]
[ECO "D20"]
[Time "09:07:05"]
[TimeControl "2700+45"]

1. d4 d5 2. c4 dxc4 3. Nc3 a6 4. Nf3 e6 5. Bf4 b5 6. e4 Bb7 7. d5 exd5 8. Nxd5
Bxd5 9. Qxd5 Bb4+ 10. Ke2 Qxd5 11. exd5 Bd6 12. Bg3 Nf6 13. Rd1 Nbd7 14. Bh4 O-O
15. Bxf6 Nxf6 16. g3 Rfe8+ 17. Kd2 Ne4+ 18. Kc2 Nxf2 19. Bg2 Re2+ 20. Rd2 Rxd2+
21. Kxd2 Nxh1 22. Bxh1 Re8 23. Nd4 Be5 24. Nc6 Bxb2 25. Nb4 Ba3 26. Nxa6 Bd6 27.
Kc3 Ra8 {White resigns} 0-1